AoeStats
← Valenp34

African Clearing

512554153Analyzed
4v4 RM · 8d ago on Oct 10, 2026· 44m 34s· 8 players
Game mode
Random Map
Map size
Large (8 player)
Population
200
Speed
Normal
Resources
Standard
Victory
Conquest
Starting age
Dark Age
Ending age
Imperial Age
RankedLock teamsTeams togetherTeam positionsShared explorationLock speedFull tech treeHidden civsTurbo modeCheats
Victory
Defeat
🇦🇷 Cumans · Argentina
1365
+11
🇦🇷 Spanish · Argentina
1319
+13
🇲🇽 Lithuanians · Mexico
1296
+14
🇨🇱 Magyars · Chile
1241
+15
vs
🇦🇷 Japanese · Argentina
1270
-14
🇵🇪 Mongols · Peru
1264
-14
🇵🇪 Huns · Peru
1229
-13
🇨🇴 Berbers · Colombia
1215
-12
Thanatos
13:38 Feudal Age
14:24 Double-Bit Axe
18:40 Castle Age
17:00 Forging
21:47 Bloodlines
23:06 Husbandry
23:13 Gold Mining
35:45 Pikeman
36:25 Squires
MAX CESAR
14:06 Feudal Age
19:41 Castle Age
17:46 Double-Bit Axe
21:15 Stone Mining
21:19 Gold Mining
21:58 Bow Saw
23:18 Wheelbarrow
22:50 Loom
24:02 Stone Shaft Mining
24:04 Gold Shaft Mining
23:28 Horse Collar
24:53 Hand Cart
24:42 Heavy Plow
27:18 Padded Archer Armor
27:08 Fletching
28:48 Leather Archer Armor
28:28 Bodkin Arrow
32:11 Town Watch
33:03 Ballistics
34:55 Forging
36:25 Pikeman
37:05 Squires
40:04 Imperial Age
41:54 Chemistry
41:56 Elite Mangudai
[VA] Santi.TNT
3:43 Loom
11:59 Feudal Age
13:59 Double-Bit Axe
15:54 Horse Collar
16:03 Town Watch
22:29 Castle Age
20:46 Forging
22:39 Bloodlines
32:18 Fletching
35:18 Iron Casting
37:23 Scale Barding Armor
42:07 Bow Saw
42:25 Bodkin Arrow
46:48 Imperial Age
Klingon86
3:13 Loom
12:26 Feudal Age
12:54 Double-Bit Axe
18:56 Bloodlines
22:26 Castle Age
22:47 Forging
22:40 Light Cavalry
26:05 Fletching
26:41 Bodkin Arrow
SMNT - TavoAoe
5:15 Loom
12:36 Feudal Age
12:41 Man-at-Arms
13:46 Arson
16:03 Double-Bit Axe
23:57 Castle Age
22:41 Gold Mining
23:47 Horse Collar
25:04 Wheelbarrow
24:02 Pikeman
24:45 Scale Mail Armor
25:56 Bow Saw
26:19 Town Watch
31:00 Hand Cart
32:33 Long Swordsman
32:45 Long Swordsman
34:21 Gold Shaft Mining
36:09 Stone Mining
44:35 Imperial Age
43:03 Scale Barding Armor
43:34 Heavy Plow
44:07 Chain Barding Armor
44:02 Bloodlines
43:54 Husbandry
Valenp34
7:50 Loom
13:39 Feudal Age
17:52 Castle Age
16:30 Double-Bit Axe
20:02 Town Watch
25:21 Redemption
40:34 Wheelbarrow
SMNT - SOLIDSNAKEIS
10:27 Loom
14:19 Feudal Age
18:05 Double-Bit Axe
18:02 Horse Collar
23:10 Scale Barding Armor
24:20 Forging
26:01 Wheelbarrow
25:19 Gold Mining
25:48 Scale Mail Armor
29:49 Castle Age
29:56 Pikeman
30:37 Squires
31:14 Iron Casting
42:01 Fletching
42:28 Chain Mail Armor
ReaperAOE2
4:06 Loom
14:00 Feudal Age
17:58 Wheelbarrow
17:27 Double-Bit Axe
17:33 Horse Collar
19:30 Bloodlines
21:56 Forging
23:07 Scale Barding Armor
23:43 Town Watch
27:10 Castle Age
28:16 Chain Barding Armor
28:31 Iron Casting
28:05 Heavy Plow
28:16 Bow Saw
27:36 Light Cavalry
28:19 Gold Mining
33:13 Fletching
34:31 Stone Mining
35:28 Hand Cart
38:49 Imperial Age
39:19 Gold Shaft Mining
38:50 Cavalier
40:07 Plate Barding Armor
40:32 Blast Furnace
39:58 Conscription
40:16 Crop Rotation
40:55 Paladin
Connection lost

Rejoining the realm…

Still unreachable

The connection could not be restored.

Session expired

The server has moved on; the page needs a fresh start.